Phantoms vs Crunch

Created - March 27, 2024 at 22:55

Goals
1 2 3 T
Phantoms 0 0 2 2
Crunch 1 0 2 3
Shots
1 2 3 T
Phantoms 5 8 19 32
Crunch 7 15 12 34

1st period

1. Crunch , Axel Holmstrom 20 (Robert Thomas 41, Brandon Hagel 38) at 16:49

Penalties :
Axel Holmstrom (Syr) for Tripping (Minor) at 2:15, Jeremy Bracco (Syr) for Hooking (Minor) at 7:38

2nd period

No Goal

Penalties :
Sean Walker (Syr) for Tripping (Minor) at 12:16, A.J. Greer (Leh) for Slashing (Minor) at 15:00

3rd period

2. Crunch , Dalton Thrower 6 (Brandon Hagel 39, Robert Thomas 42) at 8:24
3. Phantoms , Sven Andrighetto 19 (Morgan Klimchuk 59, Lucas Wallmarkk 38) at 12:38
4. Phantoms , Nick Sorensen 19 (Cristoval Nieves 34, Morgan Klimchuk 60) at 18:44
5. Crunch , Joe Veleno 5 (Anatoli Golyshev 19, Jordan Oesterle 30) at 19:02

Penalties :
Matt Kiersted (Leh) for High sticking (Minor) at 3:47, Brandon Hagel (Syr) for Interference (Minor) at 13:29

Goalie Stats

Anton Forsberg (Leh), 31 saves from 34 shots - (0.912), L, 30-24-2, 59:18 minutes
Kaapo Kahkonen (Syr), 30 saves from 32 shots - (0.938), W, 18-13-2, 60:00 minutes

Players Stats for Phantoms

Player Name              G  A  P  +/- PIM S  H  SB GA TA FO     MP     PP MP  PK MP  
------------------------------------------------------------------------------------
A.J. Greer               0  0  0   0  2   0  2  0  0  0  0/0    12:36   0:00   0:33 
Anthony Angello          0  0  0   0  0   0  0  0  0  0  0/0     0:00   0:00   0:00 
Benoit-Olivier Groulx    0  0  0   0  0   0  0  0  0  0  0/0     0:00   0:00   0:00 
Brett Murray             0  0  0  -1  0   1  2  1  0  0  0/0     6:35   0:00   0:00 
Cooper Marody            0  0  0   0  0   0  0  0  0  0  0/0     0:00   0:00   0:00 
Cristoval Nieves         0  1  1   0  0   1  3  0  0  0  2/4    11:58   0:00   0:00 
David Gustafsson         0  0  0   0  0   0  0  0  0  0  0/0     0:00   0:00   0:00 
David Kampf              0  0  0   0  0   1  0  1  0  1  1/2    15:16   0:00   0:00 
Erik Nystrom             0  0  0   0  0   3  2  0  0  2  0/1    17:00   3:43   0:21 
Fabian Zetterlund        0  0  0   0  0   0  0  0  0  0  0/0     0:00   0:00   0:00 
Joe Snively              0  0  0   0  0   1  2  1  0  0  4/8    17:27   3:43   0:54 
Josiah Slavin            0  0  0   0  0   1  0  0  0  0  0/0     1:04   0:00   0:58 
Laurent Dauphin          0  0  0   0  0   0  0  0  0  0  0/0     2:33   0:00   0:00 
Lucas Wallmarkk          0  1  1   0  0   4  4  1  0  3  9/24   20:53   4:13   0:54 
Matt Kiersted            0  0  0  -2  2   3  4  1  0  1  0/0    26:44   5:02   1:16 
Morgan Klimchuk          0  2  2   0  0   2  3  1  0  2  1/2    23:00   4:13   2:10 
Nick Sorensen            1  0  1   0  0   1  0  0  1  0  1/1    11:58   0:00   0:00 
Oliver Wahlstrom         0  0  0  -1  0   2  0  0  0  0  0/0     6:35   0:00   0:00 
Rem Pitlick              0  0  0   0  0   1  1  1  0  0  0/0    16:33   3:43   0:00 
Riley Stillman           0  0  0   0  0   2  1  2  0  0  0/0    21:12   2:54   1:54 
Rinat Valiev             0  0  0  -1  0   3  1  2  1  1  0/0    27:44   5:02   2:35 
Sven Andrighetto         1  0  1   0  0   4  2  0  1  0  2/8    22:56   4:13   2:06 
Ty Smith                 0  0  0   1  0   0  0  1  1  0  0/0    12:45   0:00   0:40 
Victor Berglund          0  0  0  -1  0   2  1  2  0  0  0/0    21:11   2:54   1:31 

Players Stats for Crunch

Player Name              G  A  P  +/- PIM S  H  SB GA TA FO     MP     PP MP  PK MP  
------------------------------------------------------------------------------------
Adam Boqvist             0  0  0   0  0   0  0  0  0  0  0/0     0:00   0:00   0:00 
Anatoli Golyshev         0  1  1   1  0   1  0  0  2  0  1/1    13:24   0:10   1:41 
Axel Holmstrom           1  0  1   1  2   4  1  0  0  0  18/29  21:58   2:15   3:29 
Brandon Biro             0  0  0   0  0   2  0  1  0  0  0/0     9:34   0:00   0:35 
Brandon Hagel            0  2  2   1  2   1  2  2  1  0  3/4    21:19   2:07   3:24 
Cam Hillis               0  0  0   0  0   0  0  0  0  0  0/1     9:10   0:00   0:11 
Connor Bunnaman          0  0  0  -1  0   1  2  0  0  0  1/5    16:22   1:42   2:14 
Dalton Thrower           1  0  1   1  0   5  1  1  1  1  0/0    26:27   1:55   5:08 
Gustav Lindstrom         0  0  0   0  0   1  0  0  0  0  0/0    13:36   0:00   0:18 
Jeremy Bracco            0  0  0  -1  2   7  2  0  0  0  0/0    15:02   1:42   0:00 
Joe Veleno               1  0  1   1  0   2  1  0  0  0  3/5    12:13   0:00   1:21 
Jordan Oesterle          0  1  1   1  0   1  0  3  0  0  0/0    26:27   1:55   5:08 
Liam Foudy               0  0  0   0  0   0  0  0  0  1  0/0     8:59   0:00   0:00 
Maxime Comtois           0  0  0  -1  0   0  3  0  0  0  0/0    16:24   1:42   2:57 
Robert Thomas            0  2  2   1  0   6  0  1  5  0  3/4    16:33   2:07   0:00 
Ryan Lindgren            0  0  0   0  0   1  1  0  0  2  0/0    20:15   2:03   2:48 
Scott Perunovich         0  0  0   0  0   0  1  2  0  0  0/0    13:18   0:00   0:00 
Sean Walker              0  0  0   0  2   2  0  0  1  0  0/0    19:58   2:03   2:30 
Ty Dellandrea            0  0  0   1  0   0  1  0  0  0  1/1    11:01   0:09   0:00 

3 Stars

1 - Dalton Thrower (Syr)
2 - Joe Veleno (Syr)
3 - Robert Thomas (Syr)

Power Play

Phantoms - 0 on 4 Attempt(s) - 0.00%
Crunch - 0 on 2 Attempt(s) - 0.00%

Penalty Kill

Phantoms - 2 on 2 Attempt(s) - 100.00% - Score 0 goal in Penalty Kill
Crunch - 4 on 4 Attempt(s) - 100.00% - Score 0 goal in Penalty Kill

Team Stat

Phantoms - Hits : 28 - Faceoff Wins : 20 - Blocked Shots : 14 - Penalty Minutes : 4
Crunch - Hits : 15 - Faceoff Wins : 30 - Blocked Shots : 10 - Penalty Minutes : 8

Official

Referees : Jean Hebert and Marc Joannette
Linesman : Libor Suchanek and Scott Cherrey

Game Notes

No Game Note

Finance

Level 1 -- Attendance: 1717 (85.85%) -- Ticket Income $120,190
Level 2 -- Attendance: 883 (88.30%) -- Ticket Income $35,320
Total Attendance: 2600 (86.67%)
Total Ticket Income: $155,510
Other Income: $7,776
Total Income: $163,286

Phantoms

5 vs 5 Forward 
   Center                   Left Wing                Right Wing               Time % Phy DF OF 
 1 Lucas Wallmarkk          Morgan Klimchuk          Sven Andrighetto         40     1   2  2  
 2 Joe Snively              Erik Nystrom             Rem Pitlick              30     1   2  2  
 3 Cristoval Nieves         A.J. Greer               Nick Sorensen            20     1   2  2  
 4 David Kampf              Brett Murray             Oliver Wahlstrom         10     1   2  2  

5 vs 5 Defense 
   Defense                  Defense                                           Time % Phy DF OF 
 1 Rinat Valiev             Matt Kiersted                                     40     1   2  2  
 2 Riley Stillman           Victor Berglund                                   30     1   2  2  
 3 Ty Smith                 David Kampf                                       20     1   2  2  
 4 Rinat Valiev             Matt Kiersted                                     10     1   2  2  

PowerPlay Forward 
   Center                   Left Wing                Right Wing               Time % Phy DF OF 
 1 Lucas Wallmarkk          Morgan Klimchuk          Sven Andrighetto         60     1   2  2  
 2 Joe Snively              Erik Nystrom             Rem Pitlick              40     1   2  2  

PowerPlay Defense
   Defense                  Defense                                           Time % Phy DF OF 
 1 Rinat Valiev             Matt Kiersted                                     60     1   2  2  
 2 Riley Stillman           Victor Berglund                                   40     1   2  2  

Penalty Kill 4 Players Forward 
   Center                   Wing                     Time % Phy DF OF 
 1 Sven Andrighetto         Morgan Klimchuk          60     1   2  2  
 2 Lucas Wallmarkk          Joe Snively              40     1   2  2  

Penalty Kill 4 Players Defense
   Defense                  Defense                  Time % Phy DF OF 
 1 Rinat Valiev             Matt Kiersted            60     1   2  2  
 2 Riley Stillman           Victor Berglund          40     1   2  2  

Penalty Kill - 3 Players Forward 
   Forward                                           Time % Phy DF OF 
 1 Sven Andrighetto                                  60     1   2  2  
 2 Morgan Klimchuk                                   40     1   2  2  

Penalty Kill - 3 Players Defense
   Defense                  Defense                  Time % Phy DF OF 
 1 Rinat Valiev             Matt Kiersted            60     1   2  2  
 2 Riley Stillman           Victor Berglund          40     1   2  2  

4 vs 4 Forward 
   Center                   Wing                     Time % Phy DF OF 
 1 Sven Andrighetto         Morgan Klimchuk          60     1   2  2  
 2 Lucas Wallmarkk          Joe Snively              40     1   2  2  

4 vs 4 Defense
   Defense                  Defense                  Time % Phy DF OF 
 1 Rinat Valiev             Matt Kiersted            60     1   2  2  
 2 Riley Stillman           Victor Berglund          40     1   2  2  

Last Minutes Offensive
   Center                   Left Wing                Right Wing               Defense                  Defense                  
   Lucas Wallmarkk          Morgan Klimchuk          Sven Andrighetto         Rinat Valiev             Matt Kiersted            

Last Minutes Defensive
   Center                   Left Wing                Right Wing               Defense                  Defense                  
   Lucas Wallmarkk          Morgan Klimchuk          Sven Andrighetto         Rinat Valiev             Matt Kiersted            

Goaltenders
Starting : Anton Forsberg           
Backup : Zachary Fucale           

Extra Forwards
Normal : Laurent Dauphin, Anthony Angello, Josiah Slavin - PP : Laurent Dauphin, Anthony Angello - PK : Josiah Slavin
Extra Defensemen
Normal : Ty Smith, Riley Stillman, Victor Berglund - PP : Ty Smith - PK : Riley Stillman, Victor Berglund
Penalty Shots
Sven Andrighetto, Morgan Klimchuk, Lucas Wallmarkk, Joe Snively, Cristoval Nieves
Custom OT Lines Forwards
Sven Andrighetto, Morgan Klimchuk, Lucas Wallmarkk, Joe Snively, Cristoval Nieves, David Kampf, Rem Pitlick, Erik Nystrom, Nick Sorensen, Laurent Dauphin
Custom OT Lines Defensemen
Rinat Valiev, Matt Kiersted, Riley Stillman, Victor Berglund, Ty Smith

Scratches
Mikko Lehtonen (Right Foot Injury), Jacob Ingham (Healthy), Zachary Sawchenko (Healthy), Kevin Lankinen (Healthy)

Crunch

5 vs 5 Forward 
   Center                   Left Wing                Right Wing               Time % Phy DF OF 
 1 Axel Holmstrom           Brandon Hagel            Robert Thomas            40     1   2  2  
 2 Connor Bunnaman          Maxime Comtois           Jeremy Bracco            30     1   2  2  
 3 Joe Veleno               Anatoli Golyshev         Ty Dellandrea            20     1   2  2  
 4 Cam Hillis               Brandon Biro             Liam Foudy               10     1   2  2  

5 vs 5 Defense 
   Defense                  Defense                                           Time % Phy DF OF 
 1 Dalton Thrower           Jordan Oesterle                                   40     1   2  2  
 2 Sean Walker              Ryan Lindgren                                     30     1   2  2  
 3 Gustav Lindstrom         Scott Perunovich                                  20     1   2  2  
 4 Dalton Thrower           Jordan Oesterle                                   10     1   2  2  

PowerPlay Forward 
   Center                   Left Wing                Right Wing               Time % Phy DF OF 
 1 Axel Holmstrom           Brandon Hagel            Robert Thomas            60     1   2  2  
 2 Connor Bunnaman          Maxime Comtois           Jeremy Bracco            40     1   2  2  

PowerPlay Defense
   Defense                  Defense                                           Time % Phy DF OF 
 1 Dalton Thrower           Jordan Oesterle                                   60     1   2  2  
 2 Sean Walker              Ryan Lindgren                                     40     1   2  2  

Penalty Kill 4 Players Forward 
   Center                   Wing                     Time % Phy DF OF 
 1 Axel Holmstrom           Brandon Hagel            60     1   2  2  
 2 Connor Bunnaman          Maxime Comtois           40     1   2  2  

Penalty Kill 4 Players Defense
   Defense                  Defense                  Time % Phy DF OF 
 1 Dalton Thrower           Jordan Oesterle          60     1   2  2  
 2 Sean Walker              Ryan Lindgren            40     1   2  2  

Penalty Kill - 3 Players Forward 
   Forward                                           Time % Phy DF OF 
 1 Axel Holmstrom                                    60     1   2  2  
 2 Connor Bunnaman                                   40     1   2  2  

Penalty Kill - 3 Players Defense
   Defense                  Defense                  Time % Phy DF OF 
 1 Dalton Thrower           Jordan Oesterle          60     1   2  2  
 2 Sean Walker              Ryan Lindgren            40     1   2  2  

4 vs 4 Forward 
   Center                   Wing                     Time % Phy DF OF 
 1 Axel Holmstrom           Brandon Hagel            60     1   2  2  
 2 Connor Bunnaman          Maxime Comtois           40     1   2  2  

4 vs 4 Defense
   Defense                  Defense                  Time % Phy DF OF 
 1 Dalton Thrower           Jordan Oesterle          60     1   2  2  
 2 Sean Walker              Ryan Lindgren            40     1   2  2  

Last Minutes Offensive
   Center                   Left Wing                Right Wing               Defense                  Defense                  
   Axel Holmstrom           Brandon Hagel            Jeremy Bracco            Dalton Thrower           Jordan Oesterle          

Last Minutes Defensive
   Center                   Left Wing                Right Wing               Defense                  Defense                  
   Axel Holmstrom           Brandon Hagel            Jeremy Bracco            Dalton Thrower           Jordan Oesterle          

Goaltenders
Starting : Kaapo Kahkonen           
Backup : Josef Korenar            

Extra Forwards
Normal : Anatoli Golyshev, Axel Holmstrom, Connor Bunnaman - PP : Anatoli Golyshev, Axel Holmstrom - PK : Anatoli Golyshev
Extra Defensemen
Normal : Ryan Lindgren, Gustav Lindstrom, Scott Perunovich - PP : Ryan Lindgren - PK : Ryan Lindgren, Gustav Lindstrom
Penalty Shots
Brandon Hagel, Jeremy Bracco, Robert Thomas, Maxime Comtois, Anatoli Golyshev
Custom OT Lines Forwards
Brandon Hagel, Jeremy Bracco, Robert Thomas, Maxime Comtois, Anatoli Golyshev, Axel Holmstrom, Connor Bunnaman, Ty Dellandrea, Brandon Biro, Liam Foudy
Custom OT Lines Defensemen
Dalton Thrower, Jordan Oesterle, Sean Walker, Ryan Lindgren, Gustav Lindstrom

Scratches
Blake Lizotte (Healthy), Michael Downing (Healthy), Tom Kuhnhackl (Healthy), Liam O'Brien (Healthy), Blake Hillman (Healthy)
Beck Malenstyn (Healthy), Lukas Dostal (Healthy), Louis Domingue (Healthy)

% Time on Ice - Phantoms

Lines # - Real PCT - Wanted PCT - Time Play
Normal Forward
1 - 33% - 40% - 15:46
2 - 27% - 30% - 12:50
3 - 25% - 20% - 11:58
4 - 14% - 10% - 6:35
Normal Defense
1 - 39% - 40% - 18:29
2 - 34% - 30% - 16:02
3 - 24% - 20% - 11:27
4 - 3% - 10% - 1:11
PP Forward
1 - 53% - 60% - 4:13
2 - 47% - 40% - 3:43
PP Defense
1 - 63% - 60% - 5:02
2 - 37% - 40% - 2:54
PK Forward
1 - 77% - 60% - 3:04
2 - 23% - 40% - 0:54
PK Defense
1 - 82% - 60% - 3:15
2 - 18% - 40% - 0:43
PK3 Forward
1 - 0% - 60%
2 - 0% - 40%
PK3 Defense
1 - 0% - 60%
2 - 0% - 40%
44 Forward
1 - 0% - 60%
2 - 0% - 40%
44 Defense
1 - 0% - 60%
2 - 0% - 40%
Last Minute Offensive  - 0:57
Last Minute Defensive  - 0:00
Total
Forward - 60:00
Defense - 60:00

% Time on Ice - Crunch

Lines # - Real PCT - Wanted PCT - Time Play
Normal Forward
1 - 32% - 40% - 14:52
2 - 26% - 30% - 12:26
3 - 23% - 20% - 10:52
4 - 19% - 10% - 8:59
Normal Defense
1 - 36% - 40% - 16:53
2 - 33% - 30% - 15:24
3 - 28% - 20% - 13:18
4 - 3% - 10% - 1:34
PP Forward
1 - 57% - 60% - 2:16
2 - 43% - 40% - 1:42
PP Defense
1 - 48% - 60% - 1:55
2 - 52% - 40% - 2:03
PK Forward
1 - 72% - 60% - 5:42
2 - 28% - 40% - 2:14
PK Defense
1 - 65% - 60% - 5:08
2 - 35% - 40% - 2:48
PK3 Forward
1 - 0% - 60%
2 - 0% - 40%
PK3 Defense
1 - 0% - 60%
2 - 0% - 40%
44 Forward
1 - 0% - 60%
2 - 0% - 40%
44 Defense
1 - 0% - 60%
2 - 0% - 40%
Last Minute Offensive  - 0:00
Last Minute Defensive  - 0:57
Total
Forward - 60:00
Defense - 60:00

Play-by-Play

1st period


0:01 of 1st period - Lucas Wallmarkk wins face-off versus Axel Holmstrom in neutral zone.
0:33 of 1st period - Snap shot by Jeremy Bracco.
0:33 of 1st period - Shot Blocked by Victor Berglund.
0:57 of 1st period - Jordan Oesterle is hit by Riley Stillman and loses puck.
1:46 of 1st period - Backhand shot by David Kampf.
1:46 of 1st period - Deflect By Gustav Lindstrom.
1:46 of 1st period - Shot Blocked by Scott Perunovich.
1:46 of 1st period - Puck is out of play.
1:47 of 1st period - Brandon Hagel wins face-off versus Sven Andrighetto in Crunch zone.
1:53 of 1st period - Off-side.
1:54 of 1st period - Axel Holmstrom wins face-off versus Lucas Wallmarkk in neutral zone.
1:57 of 1st period - Snap shot by Robert Thomas.
1:57 of 1st period - Stopped by Anton Forsberg with a rebound.
2:09 of 1st period - Snap shot by Lucas Wallmarkk.
2:09 of 1st period - Stopped by Kaapo Kahkonen with a rebound.
2:15 of 1st period - Minor Penalty to Axel Holmstrom for Tripping.
2:16 of 1st period - Anatoli Golyshev wins face-off versus Lucas Wallmarkk in Crunch zone.
4:15 of 1st period - Penalty to Axel Holmstrom is over, Axel Holmstrom is back on ice.
4:30 of 1st period - Snap shot by Axel Holmstrom.
4:30 of 1st period - Stopped by Anton Forsberg with a rebound.
4:54 of 1st period - Snap shot by Laurent Dauphin.
4:54 of 1st period - Shot Misses the Net.
4:56 of 1st period - Wrist shot by David Kampf.
4:56 of 1st period - Stopped by Kaapo Kahkonen with a rebound.
5:06 of 1st period - Lucas Wallmarkk is hit by Brandon Hagel and loses puck.
5:43 of 1st period - Snap shot by Brandon Biro.
5:43 of 1st period - Stopped by Anton Forsberg with a rebound.
6:23 of 1st period - Scott Perunovich is hit by Joe Snively and loses puck.
7:08 of 1st period - Morgan Klimchuk is hit by Ryan Lindgren.
7:18 of 1st period - Ryan Lindgren is hit by Brett Murray and loses puck.
7:31 of 1st period - Maxime Comtois is hit by Rem Pitlick and loses puck.
7:38 of 1st period - Minor Penalty to Jeremy Bracco for Hooking.
7:39 of 1st period - Axel Holmstrom wins face-off versus Lucas Wallmarkk in Crunch zone.
7:39 of 1st period - Axel Holmstrom is hit by Sven Andrighetto.
7:49 of 1st period - Snap shot by Lucas Wallmarkk.
7:49 of 1st period - Stopped by Kaapo Kahkonen without a rebound.
7:50 of 1st period - Lucas Wallmarkk wins face-off versus Brandon Hagel in Crunch zone.
7:51 of 1st period - Snap shot by Sven Andrighetto.
7:51 of 1st period - Shot Misses the Net.
7:53 of 1st period - Snap shot by Lucas Wallmarkk.
7:53 of 1st period - Shot Misses the Net.
8:25 of 1st period - Wrist shot by Rem Pitlick.
8:25 of 1st period - Shot Misses the Net.
9:38 of 1st period - Penalty to Jeremy Bracco is over, Jeremy Bracco is back on ice.
9:56 of 1st period - Ryan Lindgren is hit by Cristoval Nieves and loses puck.
11:10 of 1st period - Joe Veleno is hit by Brett Murray and loses puck.
11:15 of 1st period - Snap shot by Laurent Dauphin.
11:15 of 1st period - Shot Misses the Net.
11:17 of 1st period - Slapshot by Oliver Wahlstrom.
11:17 of 1st period - Stopped by Kaapo Kahkonen with a rebound.
11:19 of 1st period - Slapshot by Matt Kiersted.
11:19 of 1st period - Stopped by Kaapo Kahkonen with a rebound.
11:56 of 1st period - Ryan Lindgren is hit by Erik Nystrom and loses puck.
12:03 of 1st period - Robert Thomas is hit by Erik Nystrom and loses puck.
12:24 of 1st period - Ryan Lindgren is hit by Morgan Klimchuk and loses puck.
12:46 of 1st period - A.J. Greer is hit by Maxime Comtois and loses puck.
12:59 of 1st period - Brandon Biro is hit by Joe Snively and loses puck.
13:16 of 1st period - Gustav Lindstrom is hit by Lucas Wallmarkk and loses puck.
13:23 of 1st period - Sven Andrighetto is hit by Ty Dellandrea.
14:13 of 1st period - Snap shot by Ty Dellandrea.
14:13 of 1st period - Shot Misses the Net.
14:15 of 1st period - Slapshot by Dalton Thrower.
14:15 of 1st period - Stopped by Anton Forsberg without a rebound.
14:16 of 1st period - Joe Snively wins face-off versus Robert Thomas in Phantoms zone.
14:21 of 1st period - Slapshot by Erik Nystrom.
14:21 of 1st period - Shot Blocked by Brandon Hagel.
14:23 of 1st period - Backhand shot by Erik Nystrom.
14:23 of 1st period - Shot Misses the Net.
14:25 of 1st period - Snap shot by Rem Pitlick.
14:25 of 1st period - Shot Misses the Net.
14:41 of 1st period - Cristoval Nieves is hit by Jeremy Bracco and loses puck.
14:57 of 1st period - Icing by Sean Walker.
14:58 of 1st period - Joe Veleno wins face-off versus Lucas Wallmarkk in Crunch zone.
16:18 of 1st period - Slapshot by Jordan Oesterle.
16:18 of 1st period - Stopped by Anton Forsberg with a rebound.
16:35 of 1st period - Off-side.
16:36 of 1st period - Axel Holmstrom wins face-off versus Lucas Wallmarkk in neutral zone.
16:45 of 1st period - Slapshot by Axel Holmstrom.
16:45 of 1st period - Shot Misses the Net.
16:47 of 1st period - Wrist shot by Robert Thomas.
16:47 of 1st period - Stopped by Anton Forsberg with a rebound.
16:49 of 1st period - Slapshot by Axel Holmstrom.
16:49 of 1st period - Goal by Axel Holmstrom - Phantoms : 0 - Crunch : 1.
16:50 of 1st period - Lucas Wallmarkk wins face-off versus Axel Holmstrom in neutral zone.
16:55 of 1st period - Snap shot by Morgan Klimchuk.
16:55 of 1st period - Shot Blocked by Jordan Oesterle.
18:43 of 1st period - Slapshot by Dalton Thrower.
18:43 of 1st period - Shot Misses the Net.
Goals for this period are 0 for Phantoms vs 1 for Crunch.
Shots for this period are 5 for Phantoms vs 7 for Crunch.

2nd period


0:01 of 2nd period - Robert Thomas wins face-off versus Lucas Wallmarkk in neutral zone.
0:04 of 2nd period - Snap shot by Axel Holmstrom.
0:04 of 2nd period - Shot Misses the Net.
0:10 of 2nd period - Snap shot by Robert Thomas.
0:10 of 2nd period - Stopped by Anton Forsberg with a rebound.
0:26 of 2nd period - Erik Nystrom is hit by Jeremy Bracco.
1:02 of 2nd period - Gustav Lindstrom is hit by A.J. Greer and loses puck.
1:15 of 2nd period - Backhand shot by Lucas Wallmarkk.
1:15 of 2nd period - Stopped by Kaapo Kahkonen without a rebound.
1:16 of 2nd period - Axel Holmstrom wins face-off versus Sven Andrighetto in Crunch zone.
1:31 of 2nd period - Wrist shot by Robert Thomas.
1:31 of 2nd period - Stopped by Anton Forsberg without a rebound.
1:32 of 2nd period - Connor Bunnaman wins face-off versus Erik Nystrom in Phantoms zone.
1:45 of 2nd period - Wrist shot by Jeremy Bracco.
1:45 of 2nd period - Stopped by Anton Forsberg with a rebound.
1:47 of 2nd period - Wrist shot by Jeremy Bracco.
1:47 of 2nd period - Stopped by Anton Forsberg without a rebound.
1:48 of 2nd period - Axel Holmstrom wins face-off versus Lucas Wallmarkk in Phantoms zone.
2:13 of 2nd period - Joe Snively is hit by Connor Bunnaman and loses puck.
2:57 of 2nd period - Off-side.
2:58 of 2nd period - Robert Thomas wins face-off versus Lucas Wallmarkk in neutral zone.
3:05 of 2nd period - Ryan Lindgren is hit by Morgan Klimchuk and loses puck.
3:49 of 2nd period - Ty Smith is hit by Scott Perunovich and loses puck.
3:59 of 2nd period - Rinat Valiev is hit by Joe Veleno.
4:55 of 2nd period - Snap shot by Maxime Comtois.
4:55 of 2nd period - Shot Misses the Net.
5:01 of 2nd period - Snap shot by Rem Pitlick.
5:01 of 2nd period - Stopped by Kaapo Kahkonen without a rebound.
5:02 of 2nd period - Brandon Hagel wins face-off versus Lucas Wallmarkk in Crunch zone.
5:02 of 2nd period - Brandon Hagel is hit by Lucas Wallmarkk.
5:14 of 2nd period - Slapshot by Morgan Klimchuk.
5:14 of 2nd period - Deflect By Sven Andrighetto.
5:14 of 2nd period - Shot Blocked by Brandon Hagel.
5:14 of 2nd period - Puck is out of play.
5:15 of 2nd period - Axel Holmstrom wins face-off versus Lucas Wallmarkk in Crunch zone.
5:15 of 2nd period - Axel Holmstrom is hit by Morgan Klimchuk.
6:10 of 2nd period - Dalton Thrower is hit by Rinat Valiev and loses puck.
6:23 of 2nd period - Joe Veleno is hit by Matt Kiersted and loses puck.
6:48 of 2nd period - Snap shot by Axel Holmstrom.
6:48 of 2nd period - Stopped by Anton Forsberg without a rebound.
6:49 of 2nd period - David Kampf wins face-off versus Axel Holmstrom in Phantoms zone.
7:00 of 2nd period - Slapshot by Axel Holmstrom.
7:00 of 2nd period - Shot Blocked by Brett Murray.
7:02 of 2nd period - Snap shot by Axel Holmstrom.
7:02 of 2nd period - Shot Misses the Net.
7:04 of 2nd period - Slapshot by Ryan Lindgren.
7:04 of 2nd period - Shot Blocked by David Kampf.
7:14 of 2nd period - Connor Bunnaman is hit by Lucas Wallmarkk.
7:24 of 2nd period - Snap shot by Jeremy Bracco.
7:24 of 2nd period - Stopped by Anton Forsberg without a rebound.
7:25 of 2nd period - Axel Holmstrom wins face-off versus Joe Snively in Phantoms zone.
7:34 of 2nd period - Snap shot by Brandon Hagel.
7:34 of 2nd period - Shot Blocked by Riley Stillman.
7:36 of 2nd period - Snap shot by Axel Holmstrom.
7:36 of 2nd period - Stopped by Anton Forsberg without a rebound.
7:37 of 2nd period - Axel Holmstrom wins face-off versus Lucas Wallmarkk in Phantoms zone.
7:44 of 2nd period - Slapshot by Sven Andrighetto.
7:44 of 2nd period - Shot Misses the Net.
7:50 of 2nd period - Slapshot by Morgan Klimchuk.
7:50 of 2nd period - Deflect By Sven Andrighetto.
7:50 of 2nd period - Shot Blocked by Robert Thomas.
7:50 of 2nd period - Puck is out of play.
7:51 of 2nd period - Axel Holmstrom wins face-off versus Sven Andrighetto in Crunch zone.
7:51 of 2nd period - Axel Holmstrom is hit by Lucas Wallmarkk.
8:46 of 2nd period - Slapshot by Dalton Thrower.
8:46 of 2nd period - Stopped by Anton Forsberg without a rebound.
8:47 of 2nd period - Morgan Klimchuk wins face-off versus Joe Veleno in Phantoms zone.
9:16 of 2nd period - Slapshot by Joe Snively.
9:16 of 2nd period - Deflect By Erik Nystrom.
9:16 of 2nd period - Stopped by Kaapo Kahkonen with a rebound.
9:22 of 2nd period - Snap shot by Brandon Hagel.
9:22 of 2nd period - Shot Misses the Net.
10:02 of 2nd period - Backhand shot by Lucas Wallmarkk.
10:02 of 2nd period - Shot Misses the Net.
10:16 of 2nd period - Slapshot by Rinat Valiev.
10:16 of 2nd period - Stopped by Kaapo Kahkonen with a rebound.
10:46 of 2nd period - Nick Sorensen is hit by Brandon Hagel.
11:02 of 2nd period - Wrist shot by Brandon Hagel.
11:02 of 2nd period - Stopped by Anton Forsberg with a rebound.
11:08 of 2nd period - Snap shot by Robert Thomas.
11:08 of 2nd period - Stopped by Anton Forsberg without a rebound.
11:09 of 2nd period - Lucas Wallmarkk wins face-off versus Connor Bunnaman in Phantoms zone.
11:09 of 2nd period - Lucas Wallmarkk is hit by Maxime Comtois.
11:24 of 2nd period - Wrist shot by Jeremy Bracco.
11:24 of 2nd period - Stopped by Anton Forsberg without a rebound.
11:25 of 2nd period - Joe Veleno wins face-off versus Joe Snively in Phantoms zone.
12:08 of 2nd period - Icing by Cristoval Nieves.
12:09 of 2nd period - Nick Sorensen wins face-off versus Connor Bunnaman in Phantoms zone.
12:13 of 2nd period - Off-side.
12:14 of 2nd period - Axel Holmstrom wins face-off versus Cristoval Nieves in neutral zone.
12:16 of 2nd period - Minor Penalty to Sean Walker for Tripping.
12:17 of 2nd period - Axel Holmstrom wins face-off versus Lucas Wallmarkk in Crunch zone.
12:43 of 2nd period - Dalton Thrower is hit by Matt Kiersted.
13:01 of 2nd period - Wrist shot by Connor Bunnaman.
13:01 of 2nd period - Stopped by Anton Forsberg without a rebound.
13:02 of 2nd period - Axel Holmstrom wins face-off versus Lucas Wallmarkk in Phantoms zone.
13:15 of 2nd period - Slapshot by Riley Stillman.
13:15 of 2nd period - Stopped by Kaapo Kahkonen without a rebound.
13:16 of 2nd period - Lucas Wallmarkk wins face-off versus Axel Holmstrom in Crunch zone.
13:21 of 2nd period - Wrist shot by Morgan Klimchuk.
13:21 of 2nd period - Stopped by Kaapo Kahkonen without a rebound.
13:22 of 2nd period - Lucas Wallmarkk wins face-off versus Axel Holmstrom in Crunch zone.
13:23 of 2nd period - Wrist shot by Sven Andrighetto.
13:23 of 2nd period - Stopped by Kaapo Kahkonen with a rebound.
13:28 of 2nd period - Off-side.
13:29 of 2nd period - Lucas Wallmarkk wins face-off versus Axel Holmstrom in neutral zone.
13:38 of 2nd period - Snap shot by Lucas Wallmarkk.
13:38 of 2nd period - Shot Blocked by Jordan Oesterle.
14:16 of 2nd period - Penalty to Sean Walker is over, Sean Walker is back on ice.
14:23 of 2nd period - Slapshot by Cristoval Nieves.
14:23 of 2nd period - Shot Misses the Net.
14:54 of 2nd period - Wrist shot by Jeremy Bracco.
14:54 of 2nd period - Stopped by Anton Forsberg with a rebound.
15:00 of 2nd period - Minor Penalty to A.J. Greer for Slashing.
15:01 of 2nd period - Axel Holmstrom wins face-off versus Sven Andrighetto in Phantoms zone.
15:32 of 2nd period - Wrist shot by Connor Bunnaman.
15:32 of 2nd period - Shot Blocked by Rinat Valiev.
15:34 of 2nd period - Slapshot by Ryan Lindgren.
15:34 of 2nd period - Shot Misses the Net.
15:36 of 2nd period - Slapshot by Sean Walker.
15:36 of 2nd period - Stopped by Anton Forsberg with a rebound.
15:38 of 2nd period - Wrist shot by Jeremy Bracco.
15:38 of 2nd period - Stopped by Anton Forsberg without a rebound.
15:39 of 2nd period - Axel Holmstrom wins face-off versus Sven Andrighetto in Phantoms zone.
16:10 of 2nd period - Wrist shot by Maxime Comtois.
16:10 of 2nd period - Shot Misses the Net.
16:12 of 2nd period - Backhand shot by Sean Walker.
16:12 of 2nd period - Shot Blocked by Lucas Wallmarkk.
17:00 of 2nd period - Penalty to A.J. Greer is over, A.J. Greer is back on ice.
18:09 of 2nd period - Snap shot by Ty Dellandrea.
18:09 of 2nd period - Shot Misses the Net.
18:25 of 2nd period - Wrist shot by David Kampf.
18:25 of 2nd period - Deflect By Oliver Wahlstrom.
18:25 of 2nd period - Stopped by Kaapo Kahkonen with a rebound.
18:41 of 2nd period - Rinat Valiev is hit by Connor Bunnaman and loses puck.
18:46 of 2nd period - Slapshot by Jeremy Bracco.
18:46 of 2nd period - Shot Blocked by Rinat Valiev.
Goals for this period are 0 for Phantoms vs 0 for Crunch.
Shots for this period are 8 for Phantoms vs 15 for Crunch.

3rd period


0:01 of 3rd period - Axel Holmstrom wins face-off versus Morgan Klimchuk in neutral zone.
0:04 of 3rd period - Snap shot by Robert Thomas.
0:04 of 3rd period - Shot Misses the Net.
0:39 of 3rd period - Wrist shot by Maxime Comtois.
0:39 of 3rd period - Shot Misses the Net.
0:49 of 3rd period - Backhand shot by Brandon Biro.
0:49 of 3rd period - Stopped by Anton Forsberg with a rebound.
0:55 of 3rd period - Slapshot by Joe Snively.
0:55 of 3rd period - Shot Blocked by Brandon Biro.
2:18 of 3rd period - Dalton Thrower is hit by Matt Kiersted and loses puck.
2:23 of 3rd period - Slapshot by Brett Murray.
2:23 of 3rd period - Stopped by Kaapo Kahkonen without a rebound.
2:24 of 3rd period - Sven Andrighetto wins face-off versus Axel Holmstrom in Crunch zone.
2:25 of 3rd period - Wrist shot by Lucas Wallmarkk.
2:25 of 3rd period - Stopped by Kaapo Kahkonen with a rebound.
2:33 of 3rd period - Snap shot by Robert Thomas.
2:33 of 3rd period - Stopped by Anton Forsberg with a rebound.
2:35 of 3rd period - Snap shot by Axel Holmstrom.
2:35 of 3rd period - Shot Misses the Net.
2:37 of 3rd period - Snap shot by Axel Holmstrom.
2:37 of 3rd period - Shot Blocked by Morgan Klimchuk.
2:39 of 3rd period - Slapshot by Dalton Thrower.
2:39 of 3rd period - Stopped by Anton Forsberg with a rebound.
2:51 of 3rd period - Slapshot by Cristoval Nieves.
2:51 of 3rd period - Deflect By Nick Sorensen.
2:51 of 3rd period - Shot Misses the Net.
2:51 of 3rd period - Puck is out of play.
2:52 of 3rd period - Cristoval Nieves wins face-off versus Connor Bunnaman in Crunch zone.
3:42 of 3rd period - Slapshot by Ryan Lindgren.
3:42 of 3rd period - Shot Blocked by Rem Pitlick.
3:44 of 3rd period - Slapshot by Ryan Lindgren.
3:44 of 3rd period - Deflect By Joe Snively.
3:44 of 3rd period - Stopped by Anton Forsberg without a rebound.
3:45 of 3rd period - Joe Snively wins face-off versus Cam Hillis in Phantoms zone.
3:47 of 3rd period - Minor Penalty to Matt Kiersted for High sticking.
3:48 of 3rd period - Sven Andrighetto wins face-off versus Axel Holmstrom in Phantoms zone.
3:56 of 3rd period - Morgan Klimchuk is hit by Axel Holmstrom and loses puck.
4:03 of 3rd period - Slapshot by Axel Holmstrom.
4:03 of 3rd period - Shot Misses the Net.
4:13 of 3rd period - Rinat Valiev is hit by Dalton Thrower.
4:43 of 3rd period - Jeremy Bracco is hit by A.J. Greer and loses puck.
4:50 of 3rd period - Slapshot by Josiah Slavin.
4:50 of 3rd period - Stopped by Kaapo Kahkonen with a rebound.
5:47 of 3rd period - Penalty to Matt Kiersted is over, Matt Kiersted is back on ice.
6:43 of 3rd period - Snap shot by Joe Snively.
6:43 of 3rd period - Shot Blocked by Scott Perunovich.
6:45 of 3rd period - Snap shot by Erik Nystrom.
6:45 of 3rd period - Stopped by Kaapo Kahkonen with a rebound.
6:47 of 3rd period - Slapshot by Victor Berglund.
6:47 of 3rd period - Stopped by Kaapo Kahkonen without a rebound.
6:48 of 3rd period - Ty Dellandrea wins face-off versus Joe Snively in Crunch zone.
7:09 of 3rd period - Slapshot by Jordan Oesterle.
7:09 of 3rd period - Shot Blocked by Ty Smith.
7:15 of 3rd period - Jeremy Bracco is hit by Cristoval Nieves and loses puck.
8:16 of 3rd period - Slapshot by Gustav Lindstrom.
8:16 of 3rd period - Stopped by Anton Forsberg without a rebound.
8:17 of 3rd period - Robert Thomas wins face-off versus David Kampf in Phantoms zone.
8:22 of 3rd period - Snap shot by Brandon Hagel.
8:22 of 3rd period - Shot Misses the Net.
8:24 of 3rd period - Slapshot by Dalton Thrower.
8:24 of 3rd period - Goal by Dalton Thrower - Phantoms : 0 - Crunch : 2.
8:25 of 3rd period - Lucas Wallmarkk wins face-off versus Axel Holmstrom in neutral zone.
8:34 of 3rd period - Slapshot by Lucas Wallmarkk.
8:34 of 3rd period - Shot Blocked by Jordan Oesterle.
9:35 of 3rd period - Brandon Biro is hit by Cristoval Nieves and loses puck.
10:19 of 3rd period - Maxime Comtois is hit by Victor Berglund.
10:23 of 3rd period - Snap shot by Scott Perunovich.
10:23 of 3rd period - Shot Blocked by Joe Snively.
10:25 of 3rd period - Snap shot by Jeremy Bracco.
10:25 of 3rd period - Shot Blocked by Victor Berglund.
10:27 of 3rd period - Snap shot by Sean Walker.
10:27 of 3rd period - Stopped by Anton Forsberg with a rebound.
10:29 of 3rd period - Slapshot by Ryan Lindgren.
10:29 of 3rd period - Shot Blocked by Riley Stillman.
11:07 of 3rd period - Snap shot by Morgan Klimchuk.
11:07 of 3rd period - Stopped by Kaapo Kahkonen without a rebound.
11:08 of 3rd period - Joe Snively wins face-off versus Connor Bunnaman in Crunch zone.
11:09 of 3rd period - Snap shot by Rem Pitlick.
11:09 of 3rd period - Shot Misses the Net.
11:21 of 3rd period - Snap shot by Jeremy Bracco.
11:21 of 3rd period - Stopped by Anton Forsberg with a rebound.
11:23 of 3rd period - Snap shot by Dalton Thrower.
11:23 of 3rd period - Stopped by Anton Forsberg with a rebound.
11:35 of 3rd period - Robert Thomas is hit by Sven Andrighetto and loses puck.
11:56 of 3rd period - Snap shot by Gustav Lindstrom.
11:56 of 3rd period - Shot Misses the Net.
12:38 of 3rd period - Slapshot by Morgan Klimchuk.
12:38 of 3rd period - Deflect By Sven Andrighetto.
12:38 of 3rd period - Goal by Sven Andrighetto - Phantoms : 1 - Crunch : 2.
12:39 of 3rd period - Lucas Wallmarkk wins face-off versus Axel Holmstrom in neutral zone.
13:10 of 3rd period - Slapshot by Riley Stillman.
13:10 of 3rd period - Stopped by Kaapo Kahkonen with a rebound.
13:12 of 3rd period - Slapshot by Victor Berglund.
13:12 of 3rd period - Stopped by Kaapo Kahkonen with a rebound.
13:14 of 3rd period - Slapshot by Riley Stillman.
13:14 of 3rd period - Shot Misses the Net.
13:16 of 3rd period - Wrist shot by Sven Andrighetto.
13:16 of 3rd period - Shot Misses the Net.
13:29 of 3rd period - Minor Penalty to Brandon Hagel for Interference.
13:30 of 3rd period - Axel Holmstrom wins face-off versus Joe Snively in Crunch zone.
13:36 of 3rd period - Wrist shot by Joe Snively.
13:36 of 3rd period - Shot Misses the Net.
13:38 of 3rd period - Wrist shot by Matt Kiersted.
13:38 of 3rd period - Stopped by Kaapo Kahkonen without a rebound.
13:39 of 3rd period - Joe Snively wins face-off versus Axel Holmstrom in Crunch zone.
13:42 of 3rd period - Wrist shot by Joe Snively.
13:42 of 3rd period - Shot Misses the Net.
13:44 of 3rd period - Slapshot by Rem Pitlick.
13:44 of 3rd period - Shot Misses the Net.
13:46 of 3rd period - Wrist shot by Rinat Valiev.
13:46 of 3rd period - Stopped by Kaapo Kahkonen with a rebound.
13:48 of 3rd period - Snap shot by Joe Snively.
13:48 of 3rd period - Stopped by Kaapo Kahkonen with a rebound.
13:50 of 3rd period - Slapshot by Rinat Valiev.
13:50 of 3rd period - Shot Misses the Net.
13:52 of 3rd period - Slapshot by Matt Kiersted.
13:52 of 3rd period - Shot Misses the Net.
13:54 of 3rd period - Slapshot by Erik Nystrom.
13:54 of 3rd period - Stopped by Kaapo Kahkonen without a rebound.
13:55 of 3rd period - Axel Holmstrom wins face-off versus Lucas Wallmarkk in Crunch zone.
15:12 of 3rd period - Snap shot by Joe Veleno.
15:12 of 3rd period - Stopped by Anton Forsberg with a rebound.
15:29 of 3rd period - Penalty to Brandon Hagel is over, Brandon Hagel is back on ice.
16:01 of 3rd period - Slapshot by Rinat Valiev.
16:01 of 3rd period - Stopped by Kaapo Kahkonen with a rebound.
16:07 of 3rd period - Wrist shot by Brett Murray.
16:07 of 3rd period - Shot Misses the Net.
16:58 of 3rd period - Backhand shot by Joe Veleno.
16:58 of 3rd period - Deflect By Anatoli Golyshev.
16:58 of 3rd period - Stopped by Anton Forsberg with a rebound.
17:00 of 3rd period - Slapshot by Ryan Lindgren.
17:00 of 3rd period - Shot Misses the Net.
18:29 of 3rd period - Lucas Wallmarkk is hit by Maxime Comtois and loses puck.
18:44 of 3rd period - Snap shot by Cristoval Nieves.
18:44 of 3rd period - Deflect By Nick Sorensen.
18:44 of 3rd period - Goal by Nick Sorensen - Phantoms : 2 - Crunch : 2.
18:45 of 3rd period - Cristoval Nieves wins face-off versus Joe Veleno in neutral zone.
18:48 of 3rd period - Snap shot by Cristoval Nieves.
18:48 of 3rd period - Stopped by Kaapo Kahkonen without a rebound.
18:49 of 3rd period - Joe Veleno wins face-off versus Cristoval Nieves in Crunch zone.
19:00 of 3rd period - Backhand shot by Anatoli Golyshev.
19:00 of 3rd period - Shot Hit the Post.
19:02 of 3rd period - Wrist shot by Joe Veleno.
19:02 of 3rd period - Goal by Joe Veleno - Phantoms : 2 - Crunch : 3.
19:03 of 3rd period - Brandon Hagel wins face-off versus Sven Andrighetto in neutral zone.
19:10 of 3rd period - Snap shot by Jeremy Bracco.
19:10 of 3rd period - Shot Blocked by Matt Kiersted.
19:18 of 3rd period - Phantoms, Anton Forsberg is pulled from the net.
19:34 of 3rd period - Snap shot by Lucas Wallmarkk.
19:34 of 3rd period - Shot Misses the Net.
19:36 of 3rd period - Wrist shot by Sven Andrighetto.
19:36 of 3rd period - Stopped by Kaapo Kahkonen with a rebound.
19:38 of 3rd period - Slapshot by Rinat Valiev.
19:38 of 3rd period - Shot Misses the Net.
19:40 of 3rd period - Wrist shot by Matt Kiersted.
19:40 of 3rd period - Shot Misses the Net.
19:42 of 3rd period - Slapshot by Matt Kiersted.
19:42 of 3rd period - Stopped by Kaapo Kahkonen with a rebound.
19:44 of 3rd period - Snap shot by Lucas Wallmarkk.
19:44 of 3rd period - Shot Blocked by Dalton Thrower.
19:46 of 3rd period - Snap shot by Sven Andrighetto.
19:46 of 3rd period - Stopped by Kaapo Kahkonen without a rebound.
19:47 of 3rd period - Kevin Dineen call a timeout for Phantoms.
19:47 of 3rd period - Axel Holmstrom wins face-off versus Lucas Wallmarkk in Crunch zone.
19:47 of 3rd period - Axel Holmstrom is hit by Matt Kiersted.
Goals for this period are 2 for Phantoms vs 2 for Crunch.
Shots for this period are 19 for Phantoms vs 12 for Crunch.